 Dungeon Crawl Stone Soup version 0.28.0 (webtiles) character file.

Game seed: 5804818270628376908

1241 Kurot the Sneak (level 8, 0/34 HPs)
             Began as a Felid Venom Mage on Feb 17, 2022.
             Was an Elder of Ashenzari.
             Slain by a black bear (6 damage)
             ... on level 5 of the Dungeon.
             The game lasted 00:50:38 (7909 turns).

Kurot the Sneak (Felid Venom Mage)                  Turns: 7909, Time: 00:50:38

Health: 0/34       AC:  2    Str:  6    XL:     8   Next: 25%
Magic:  0/15       EV: 23    Int: 17    God:    Ashenzari [****..]
Gold:   331        SH:  0    Dex: 21    Spells: 3/15 levels left
                                        Lives:  0   Deaths: 2

rFire   . . .      SeeInvis +     - Unarmed
rCold   . . .      Faith    .   (shield unavailable)
rNeg    . . .      Spirit   +   (armour unavailable)
rPois   x          Reflect  .   (helmet unavailable)
rElec   .          Harm     .   (cloak unavailable)
rCorr   .          Rampage  .   (gloves unavailable)
Will    ++...      Clarity  +   (boots unavailable)
Stlth   +++.......              d - amulet of Apeoromancy {Spirit, Melee, Bglg} (curse)
HPRegen 0.11/turn               e - ring "Restrained Relativism" {Fly, Melee, Evo} (curse)
MPRegen 0.14/turn               (no ring)

@: spider-form (expiring), flying
A: venomous fangs, tiny, (claws 1), (fangs 3), see invisible, (speed 1), (shaggy
fur 2), (stealthy paws), no weapons or thrown items, no armour, multi-lived,
strong-willed 1, MP-powered wands
a: End Transformation, Renounce Religion, Curse Item, Shatter the Chains


You were on level 5 of the Dungeon.
You worshipped Ashenzari.
Ashenzari was greatly pleased with you.
You were a venomous arachnid creature.
You visited 1 branch of the dungeon, and saw 5 of its levels.
You also visited: Ossuary.

You collected 436 gold pieces.
You spent 105 gold pieces at shops.

Inventory:

Jewellery
 d - the cursed amulet of Apeoromancy (around neck) {Spirit, Melee, Bglg}
   (You found it on level 4 of the Dungeon)

   [amulet of guardian spirit]

   It causes incoming damage to be divided between your reserves of health and
   magic.
   It has a curse which improves the following skills: Melee Combat: Unarmed
   Combat.
   Beguiling: Conjurations, Hexes and Translocations.
 e - the cursed ring "Restrained Relativism" (left front leg) {Fly, Melee, Evo}
   (You found it on level 3 of the Dungeon)

   [ring of flight]

   Fly:       It grants you flight.
   It has a curse which improves the following skills: Melee Combat: Unarmed
   Combat.
   Evocations: Evocations.
Scrolls
 a - a scroll of amnesia
 b - a scroll of fog
 k - 2 scrolls of immolation
Potions
 c - a potion of attraction
 g - a potion of berserk rage
 i - a potion of curing
 j - a potion of brilliance


   Skills:
 * Level 2.7 Fighting
 * Level 4.9 Dodging
 * Level 5.2 Stealth
 * Level 3.8(6.5) Unarmed Combat
 * Level 4.3 Spellcasting
 * Level 2.3(3.9) Conjurations
 * Level 2.9(4.6) Hexes
 * Level 3.5 Transmutations
 * Level 2.7 Air Magic
 * Level 4.6 Poison Magic
 * Level 3.0(4.7) Evocations


You had 3 spell levels left.
You knew the following spells:

 Your Spells              Type           Power      Damage    Failure   Level
a - Sting                 Tmut/Pois      68%        1d6       10%         1
b - Poisonous Vapours     Pois/Air       32%        N/A       14%         2
c - Mephitic Cloud        Conj/Pois/Air  16%        N/A       24%         3
d - Tukima's Dance        Hex            19%        N/A       19%         3
e - Spider Form           Tmut/Pois      17%        N/A       22%         3

Your spell library contained the following spells:

 Spells                   Type           Power      Damage    Failure   Level
 Ensorcelled Hibernation  Hex/Ice        22%        N/A       22%         2
 Call Canine Familiar     Summ           3%         N/A       63%         3
 Olgreb's Toxic Radiance  Pois           19%        N/A       43%         4
 Anguish                  Hex/Necr       5%         N/A       73%         4
 Leda's Liquefaction      Hex/Erth       5%         N/A       73%         4
 Enfeeble                 Hex            9%         N/A       100%        7
 Portal Projectile        Hex/Tloc       Unusable   N/A       N/A         3

Dungeon Overview and Level Annotations

Branches:
Dungeon (5/15)             Temple (0/1) D:4         Ossuary (visited)

Altars:
Ashenzari
Cheibriados
Dithmenos
Fedhas
Trog
Wu Jian

Shops:
D:4 ?


Innate Abilities, Weirdness & Mutations

You are a venomous arachnid creature.
You have poisonous fangs.
You are tiny and dextrous.
Your spellcasting is less reliable in this form.
((You have sharp claws.))
((You have razor-sharp teeth.))
You have supernaturally acute eyesight. (SInv)
((You cover ground quickly. (Speed+)))
((You are covered in thick fur. (AC +2)))
((Your paws help you pounce on unaware monsters.))
You are incapable of wielding weapons or throwing items.
You cannot wear armour.
You gain extra lives every three experience levels.
You are strong-willed. (Will+)
You expend magic power (3 MP) to strengthen your wands.


Message History

Your +0 giant spiked club hits the ogre!!
The ogre dies!
Your base Evocations skill increases to level 3!
Your +0 giant spiked club falls from the air.
The black bear goes berserk!
Your magical contamination has completely faded away.
The black bear rages.
There is an open door here.
The black bear rages.
The black bear closely misses you. x2; The black bear completely misses you.
The black bear bites you but does no damage.
The black bear closely misses you. The black bear barely misses you.
You hit the black bear.
The black bear is almost dead.
The black bear closely misses you. The black bear misses you.
The black bear claws you. The black bear bites you!
The black bear completely misses you. The black bear misses you.
The black bear bites you!
* * * LOW HITPOINT WARNING * * *
The black bear completely misses you. The black bear misses you.
You feel much better. The black bear closely misses you.
The black bear misses you. The black bear claws you.
The black bear completely misses you. The black bear claws you.
The black bear misses you.
There is a stone staircase leading down here.
The black bear bites you!
* * * LOW HITPOINT WARNING * * *
The black bear completely misses you. The black bear closely misses you.
You feel better.
The black bear completely misses you. x2
The black bear claws you.
* * * LOW HITPOINT WARNING * * *
The black bear looks more healthy.
The black bear completely misses you. The black bear barely misses you.
The black bear closely misses you.
Your transformation is almost over.
The black bear barely misses you. The black bear misses you.
The black bear claws you.
* * * LOW HITPOINT WARNING * * *
You feel better. The black bear closely misses you. The black bear claws you.
You die...

..## ##..#### ##..........
.########......### #...........
.................## #...........
..................## #...........
#....#####.........###...........
.....# #..........####..........
....## ##..........###...........
....# #.........................
....# ##........s......#........#
...## #........lh.....##......###
..## #...............###..####
..# ##...............###### .##
#.......>........######## .#
#............#..........#### ##
#...........###............. .#
*#..........####.........#### .#
#............................


You could see a black bear (berserk) and an iguana.

Vanquished Creatures
  Sigmund (D:3)
  2 ice beasts (D:5)
  2 black bears
  A sky beast (D:5)
  A necrophage (D:4)
  An ogre (D:4)
  A bullfrog (D:4)
  A scorpion (D:5)
  A bullfrog zombie (D:5)
  2 jellies (D:5)
  A gnoll shaman (D:5)
  A bullfrog skeleton (D:5)
  4 orc priests
  2 hounds (D:5)
  An iron imp (D:3)
  4 iguanas
  2 orc wizards
  8 mummies (Ossuary)
  7 gnolls
  2 adders
  A worm (D:2)
  6 orcs
  5 ball pythons
  4 endoplasms
  3 giant cockroaches
  2 gnoll zombies (Ossuary)
  2 goblins
  5 hobgoblins
  3 jackals (D:4)
  8 quokkas
  2 bats
  4 frilled lizards
  3 hobgoblin zombies (Ossuary)
  7 kobolds
  A kobold zombie (Ossuary)
  2 orc zombies (Ossuary)
  2 rats
105 creatures vanquished.

Vanquished Creatures (collateral kills)
  An ogre (D:5)
1 creature vanquished.

Vanquished Creatures (others)
  3 dancing weapons (D:5)
3 creatures vanquished.

Grand Total: 109 creatures vanquished

Notes
Turn   | Place    | Note
-------+----------+-------------------------------------------
     0 | D:1      | Kurot the Felid Venom Mage began the quest for the Orb.
     0 | D:1      | Reached XP level 1. HP: 7/7 MP: 4/4
   187 | D:1      | Found a faded altar of an unknown god.
   194 | D:1      | Prayed at the altar of an unknown god.
   194 | D:1      | Became a worshipper of Ashenzari the Shackled
   302 | D:1      | Reached XP level 2. HP: 11/11 MP: 0/6
  1111 | D:1      | Learned a level 2 spell: Poisonous Vapours
  1675 | D:2      | Reached XP level 3. HP: 13/15 MP: 0/7
  1703 | D:2      | Learned a level 3 spell: Mephitic Cloud
  2059 | D:3      | Found a blossoming altar of Fedhas.
  2060 | D:3      | Noticed a black bear
  2061 | D:3      | Found a shadowy altar of Dithmenos.
  2231 | D:3      | Reached skill level 3 in Stealth
  2292 | D:3      | Reached * piety under Ashenzari
  2292 | D:3      | Reached ** piety under Ashenzari
  2420 | D:3      | Noticed Sigmund
  2421 | D:3      | Reached XP level 4. HP: 18/18 MP: 0/8
  2511 | D:4      | Found Tasia's Magic Scroll Emporium.
  2517 | D:4      | Bought a scroll of holy word for 75 gold pieces
  2517 | D:4      | Bought a scroll of teleportation for 30 gold pieces
  2752 | D:4      | Noticed a black bear
  2752 | D:4      | Noticed an ogre
  2764 | D:4      | Noticed a bullfrog
  2783 | D:4      | Killed a bullfrog
  2784 | D:4      | Reached skill level 1 in Fighting
  2784 | D:4      | Reached skill level 1 in Air Magic
  2784 | D:4      | Reached XP level 5. HP: 6/22 MP: 1/10
  3195 | D:3      | Reached skill level 1 in Unarmed Combat
  3668 | D:3      | Reached skill level 1 in Evocations
  3683 | D:3      | Killed Sigmund
  3684 | D:3      | Reached skill level 4 in Stealth
  3684 | D:3      | Gained mutation: You are covered in thick fur. (AC +2)
                  | [Felid growth]
  3684 | D:3      | Reached XP level 6. HP: 9/25 MP: 1/11
  3879 | D:3      | Found a snail-covered altar of Cheibriados.
  3960 | D:4      | Learned a level 3 spell: Tukima's Dance
  4229 | D:4      | Reached skill level 1 in Conjurations
  4483 | D:4      | Found a staircase to the Ecumenical Temple.
  4667 | D:4      | Slain by a black bear
  4668 | D:4      | Reached XP level 5. HP: -1/22 MP: 1/10
  4734 | D:4      | Killed an ogre
  4735 | D:4      | Reached XP level 6. HP: 23/26 MP: 0/12
  4882 | D:4      | Reached *** piety under Ashenzari
  4882 | D:4      | Reached **** piety under Ashenzari
  4895 | D:4      | Reached skill level 1 in Hexes
  5498 | D:4      | Reached XP level 7. HP: 20/30 MP: 0/13
  5502 | D:4      | Learned a level 3 spell: Spider Form
  5751 | D:5      | Entered Level 5 of the Dungeon
  5961 | D:5      | Found an ornate altar of the Wu Jian Council.
  5967 | D:5      | Found a broken altar of Ashenzari.
  5976 | D:5      | Slain by an orc
  5977 | D:5      | Reached XP level 6. HP: 0/26 MP: 0/12
  6022 | D:5      | Found a sand-covered staircase.
  6028 | Ossuary  | Entered an ossuary
  6076 | Ossuary  | Gained mutation: You are strong-willed. (Will+) [potion of
                  | mutation]
  6076 | Ossuary  | Gained mutation: You expend magic power (3 MP) to
                  | strengthen your wands. [potion of mutation]
  6355 | D:5      | Reached XP level 7. HP: 30/30 MP: 8/13
  6573 | D:5      | Found a bloodstained altar of Trog.
  6870 | D:5      | Reached skill level 5 in Stealth
  7445 | D:5      | Reached XP level 8. HP: 25/34 MP: 8/15
  7908 | D:5      | HP: 1/34 [black bear (5)]
  7909 | D:5      | Slain by a black bear

Illustrated notes

Levels and vault maps discovered:
D:1:      dpeg_arrival_water_altar, layout_basic,
          hellmonk_ecumenical_altar_heavens_door
D:2:      layout_loops_cross
D:3:      layout_basic, jmf_multi_god_temple, slow_altar_2, uniq_sigmund
D:4:      layout_basic, minmay_temple_entry_mini_moons, serial_shops, shop
D:5:      layout_cave_pods, mainiacjoe_overflow_large_starburst,
          kennysheep_mini, nicolae_ossuary_entry_monument, minmay_quadrilaterals

Skill      XL: |  1  2  3  4  5  6  7  8 |
---------------+-------------------------+-----
Poison Magic   | 3 4 |  4.6
Stealth        | 3 4 5 |  5.2
Dodging        | 3 4 |  4.9
Fighting       | 1 2 |  2.7
Transmutations | 2 3 |  3.5
Air Magic      | 1 2 |  2.7
Unarmed Combat | 1 3 |  3.8
Evocations     | 1 2 3 |  3.0
Spellcasting   | 3 4 |  4.3
Conjurations   | 1 2 |  2.3
Hexes          | 2 |  2.9

Action                   |  1- 3 |  4- 6 |  7- 9 || total
-------------------------+-------+-------+-------++-------
Melee: Unarmed           |    23 |   113 |    93 ||   229
       Bite              |     2 |    10 |     9 ||    21
       Punch             |       |     3 |     2 ||     5
 Cast: Sting             |    22 |    16 |     2 ||    40
       Poisonous Vapours |    21 |    58 |    19 ||    98
       Mephitic Cloud    |     1 |     7 |     5 ||    13
       Tukima's Dance    |       |       |     5 ||     5
       Spider Form       |       |       |     5 ||     5
Invok: Curse Item        |     1 |     1 |       ||     2
  Use: Scroll            |     2 |     2 |       ||     4
       Potion            |       |     8 |     4 ||    12
 Stab: Sleeping          |     7 |     4 |     2 ||    13
       Confused          |     1 |     3 |     1 ||     5
Armor: Skin              |     3 |    28 |    10 ||    41
Dodge: Dodged            |    28 |   102 |   135 ||   265
